 Dungeon Crawl Stone Soup version 0.19-b1-4-gd8a0a2a (webtiles) character file.

345 aggelon the Cudgeler (level 6, 0/61 HPs)
             Began as a Troll Berserker on Oct 30, 2016.
             Was a Believer of Trog.
             Killed from afar by an orc wizard (3 damage)
             ... with a magic dart
             ... on level 3 of the Dungeon.
             The game lasted 00:29:58 (1858 turns).

aggelon the Cudgeler (Troll Berserker)              Turns: 1858, Time: 00:29:58

Health: 0/61       AC:  5    Str: 25 (26) XL:     6   Next: 32%
Magic:  5/5        EV: 16    Int:  2 (3)  God:    Trog [**....]
Gold:   64         SH:  0    Dex: 14 (16) Spells: 0 memorised, 5 levels left

rFire  . . .     SeeInvis .     a - +0 mace
rCold  . . .     Gourm    +     e - +0 animal skin
rNeg   . . .     Faith    +     (no shield)
rPois  .         Spirit   .     (helmet restricted)
rElec  .         Reflect  .     (no cloak)
rCorr  .         Harm     .     (gloves unavailable)
MR     .....                    (boots unavailable)
Stlth  +++.......               h - amulet of faith
                                (no ring)
                                u - ring of stealth

@: agile
A: unfitting armour, claws 3, fast metabolism 3, gourmand, regeneration 1,
shaggy fur 1, tough skin 2
a: Berserk, Trog's Hand, Burn Spellbooks, Renounce Religion


You were on level 3 of the Dungeon.
You worshipped Trog.
Trog was pleased with you.
You were completely stuffed.

You visited 1 branch of the dungeon, and saw 3 of its levels.

You collected 64 gold pieces.

Inventory:

Hand Weapons
 a - a +0 mace (weapon)
 b - a +2 hunting sling
 t - a +0 scythe
Missiles
 f - 11 poisoned needles
 i - 25 sling bullets
 k - 13 arrows
 z - 36 stones (quivered)
Armour
 e - a +0 animal skin (worn)
Jewellery
 h - an amulet of faith (around neck)
 u - a ring of stealth (left claw)
Wands
 l - a wand of lightning (1/15)
Scrolls
 m - a scroll of remove curse
 n - 3 scrolls of identify
 p - a scroll of magic mapping
Potions
 d - a potion of flight
Comestibles
 c - 3 bread rations
 g - a slice of pizza
 j - a beef jerky
 q - 2 chunks of flesh


   Skills:
 + Level 3.1 Fighting
 + Level 4.2 Maces & Flails
 + Level 2.3 Slings
 + Level 0.5(2.0) Throwing
 + Level 3.3 Dodging


You had 5 spell levels left.
You didn't know any spells.

Dungeon Overview and Level Annotations

Branches:
Dungeon (3/15)

Altars:
Hepliaklqana


Innate Abilities, Weirdness & Mutations

You are too large for most types of armour.
You have claws for hands.
Your metabolism is lightning-fast.
You like to eat raw meat.
Your natural rate of healing is unusually fast.
You are covered in fur. (AC +1)
You have very tough skin. (AC +2)


Message History

* * * LOW HITPOINT WARNING * * *
Your skin stops crawling.
You feel less resistant to hostile enchantments.
You hear some strange, mumbled words.
A puff of flame appears from out of thin air!
The puff of flame misses you.
You hear some strange, mumbled words.
A puff of frost appears from out of thin air!
The puff of frost hits you!
* * * LOW HITPOINT WARNING * * *
Something hits you.
* * * LOW HITPOINT WARNING * * *
Something hits you.
* * * LOW HITPOINT WARNING * * *
You miss something. Something barely misses you.
You miss something.
You hear some strange, mumbled words.
A magic dart appears from out of thin air!
The magic dart hits you!
You die...

#. #.#
#$# #.#
#.#
###.####
##
#......#
.#
#......#
.#
#...@..#
.##
#..{.).#
..#
#......#
#.#
#?.....#
...
#......#
##.#
###+####
.. #.#
..


There were no monsters in sight!

Vanquished Creatures
  Sigmund (D:2)
  Natasha (thrice) (D:2)
  4 adders (D:2)
  An ooze (D:1)
  A worm (D:2)
  A dart slug (D:2)
  A leopard gecko (D:2)
  3 orcs (D:3)
  2 giant cockroaches (D:1)
  4 hobgoblins
  9 kobolds
  A quokka (D:2)
  2 ball pythons
  8 bats
  6 frilled lizards
  3 goblins
  5 rats
55 creatures vanquished.

Vanquished Creatures (others)
  Ijyb (D:2)
1 creature vanquished.

Grand Total: 56 creatures vanquished

Notes
Turn   | Place    | Note
-------+----------+-------------------------------------------
     0 | D:1      | aggelon the Troll Berserker began the quest for the Orb.
     0 | D:1      | Reached XP level 1. HP: 22/22 MP: 0/0
   149 | D:1      | Reached XP level 2. HP: 29/29 MP: 1/1
   228 | D:1      | Reached skill level 3 in Maces & Flails
   432 | D:1      | Reached ** piety under Trog
   584 | D:1      | Reached XP level 3. HP: 36/36 MP: 2/2
   803 | D:2      | Noticed Sigmund
   815 | D:2      | Killed Sigmund
   815 | D:2      | Reached skill level 1 in Slings
   815 | D:2      | Reached XP level 4. HP: 42/45 MP: 3/3
   815 | D:2      | Reached XP level 5. HP: 49/53 MP: 4/4
   890 | D:2      | Noticed Natasha
   901 | D:2      | Killed Natasha
   906 | D:2      | Noticed Natasha
   915 | D:2      | Killed Natasha
   915 | D:2      | Reached skill level 4 in Maces & Flails
  1007 | D:2      | Reached XP level 6. HP: 27/61 MP: 5/5
  1250 | D:2      | Found a hazy altar of Hepliaklqana.
  1307 | D:2      | Noticed Ijyb
  1332 | D:2      | Noticed Natasha
  1341 | D:2      | Killed Natasha
  1559 | D:2      | Killed Ijyb
  1856 | D:3      | HP: 2/61 [something (2)]
  1858 | D:3      | Killed from afar by an orc wizard

Skill      XL: |  1  2  3  4  5 |
---------------+----------------+-----
Maces & Flails | 3 4 |  4.2
Fighting       | 3 |  3.1
Slings         | 1 2 |  2.3
Dodging        | 3 |  3.3
Throwing       | |  0.5

Action                   |  1- 3 |  4- 6 || total
-------------------------+-------+-------++-------
Melee: Mace              |    59 |    97 ||   156
 Fire: Hunting sling     |    46 |    36 ||    82
Throw: Stone             |     4 |       ||     4
Invok: Trog's Hand       |       |     3 ||     3
  Use: Scroll            |     4 |     4 ||     8
       Potion            |     3 |     6 ||     9
  Eat: Chunk             |    12 |    12 ||    24
Armor: Animal skin       |    48 |    42 ||    90
Dodge: Dodged            |    58 |    68 ||   126
